 Dungeon Crawl Stone Soup version 0.31.0-32-g396128a36d (webtiles) character file.

Game seed: 16557930227103186759

2587 Factor the Changeling (level 9, -22/64 HPs)
             Began as an Octopode Shapeshifter on Mar 20, 2024.
             Was an Initiate of Cheibriados.
             Killed from afar by an acid dragon (30 damage)
             ... with a splash of acid
             ... on level 8 of the Dungeon.
             The game lasted 00:11:29 (6946 turns).

Factor the Changeling (Octopode Shapeshifter)       Turns: 6946, Time: 00:11:30

Health: -22/64     AC:  9    Str: 14    XL:     9   Next: 58%
Magic:  9/9        EV: 18    Int: 17    God:    Cheibriados [......]
Gold:   561        SH:  0    Dex: 19    Spells: 8/8 levels left

rFire   . .          .
                       - Unarmed
rCold   . . .        (shield currently unavailable)
rNeg    . . .        (helmet restricted)
rPois   .            (no amulet)
rElec   .            T - +4 ring of protection
rCorr   .            t - +4 ring of protection
SInv    .            D - +6 ring of dexterity
Will    .....        (no ring)
Stlth   ++           (no ring)
HPRegen 0.30/turn    (no ring)
MPRegen 0.11/turn    (no ring)
                     (no ring)

%: no passive effects
@: flux-form, glowing, very slow
A: glow, contaminating, almost no armour, amphibious, 8 rings, camouflage 1,
gelatinous body 1, (nimble swimmer 1), tentacles
a: Begin Untransformation, Renounce Religion


You were on level 8 of the Dungeon.
You worshipped Cheibriados.
Cheibriados was noncommittal.
You were something dangerously unstable.
You visited 2 branches of the dungeon, and saw 9 of its levels.

You collected 561 gold pieces.


Innate Abilities, Weirdness & Mutations

You are something dangerously unstable.
You glow with magical radiation, making you easy to see and hit.
Foes you strike become dangerously contaminated with magical radiation.
You are incapable of wielding weapons or throwing items.
You cannot wear most types of armour.
You are amphibious.
You can wear up to eight rings at the same time.
Your skin changes colour to match your surroundings (Stealth+).
Your rubbery body absorbs attacks. (AC +1, EV +1)
((You are camouflaged when in or above water. (Stealth+)))
You have tentacles for arms and can constrict up to eight enemies at once.


   Skills:
 - Level 7.1 Fighting
 + Level 2.9 Dodging
 + Level 2.8 Stealth
 - Level 7.1 Unarmed Combat
 + Level 7.8 Shapeshifting


You had 8 spell levels left.
You didn't know any spells.
Your spell library contained the following spells:

 Spells                   Type           Power      Damage    Failure   Level
 Sublimation of Blood     Necr           0%         N/A       34%         2
 Call Canine Familiar     Summ           0%         N/A       56%         3
 Sigil of Binding         Hex            0%         N/A       56%         3
 Stone Arrow              Conj/Erth      0%         3d7       56%         3
 Tukima's Dance           Hex            0%         N/A       56%         3
 Volatile Blastmotes      Fire/Tloc      0%         2d10      56%         3
 Dimensional Bullseye     Hex/Tloc       0%         N/A       93%         4
 Fulminant Prism          Conj/Alch      0%         3d5       93%         4
 Iskenderun's Mystic Bla  Conj/Tloc      0%         2d3       93%         4
 Passage of Golubria      Tloc           0%         N/A       93%         4
 Petrify                  Alch/Erth      0%         N/A       93%         4
 Irradiate                Conj/Alch      0%         3d11      100%        5
 Yara's Violent Unravell  Hex/Alch       0%         3d3       100%        5
 Lehudib's Crystal Spear  Conj/Erth      0%         10d2      100%        8
 Animate Armour           Summ/Erth      Unusable   N/A       N/A         4

Inventory:

Hand Weapons
 w - a +2 dagger of draining
Missiles
 k - 2 throwing nets {=f}
 v - 11 poisoned darts (quivered)
Jewellery
 t - a +4 ring of protection (right tentacle)
 D - a +6 ring of dexterity (on tentacle)
 T - a +4 ring of protection (left tentacle)
Talismans
 b - a beast talisman
 c - a flux talisman (active)
 G - a blade talisman
Wands
 x - a wand of flame (10)
 C - a wand of paralysis (6)
 I - a wand of digging (5)
Scrolls
 e - a scroll of enchant weapon
 f - a scroll of fog {unknown}
 g - 2 scrolls of vulnerability {unknown}
 i - 4 scrolls of blinking
 j - 3 scrolls of teleportation {unknown}
 n - 2 scrolls of enchant armour {unknown}
 p - 2 scrolls of amnesia
 q - a scroll of silence {unknown}
 r - a scroll of summoning {unknown}
 s - 2 scrolls of noise {unknown}
 y - 2 scrolls of immolation {unknown}
 F - 2 scrolls of fear {unknown}
Potions
 a - 2 potions of lignification
 d - a potion of ambrosia {unknown}
 h - 3 potions of heal wounds {@q2}
 l - a potion of mutation
 m - 7 potions of curing {@q1}
 o - 2 potions of enlightenment
 u - a potion of berserk rage {!q}
 z - 2 potions of might
 A - a potion of attraction
 B - 2 potions of cancellation
 E - a potion of brilliance
 H - a potion of resistance {unknown}

Dungeon Overview and Level Annotations

Branches:
Dungeon (8/15)             Temple (1/1) D:7
   Lair: D:8-11

Altars:
Cheibriados
Dithmenos
Elyvilon
Fedhas
Hepliaklqana
Kikubaaqudgha
Makhleb
Nemelex Xobeh
Okawaru
Ru
Trog
Vehumet
Wu Jian
Xom
Yredelemnul
Zin
The Shining One

Shops:
D:2 (   D:3 :![(

###. #...#
.....##.#.#
#.......#.#
#.#..##...###
#. #.#.).#
..D###+###.#
#. ......##)#
# #.§§.§.D#
#.§...p§#
...§.....#
#####...§#
#....# ###.##
#.# #.# #..


You could see a steam dragon (catching breath, misshapen) and an acid dragon
(catching breath).


Message History

The steam dragon bites you. The steam dragon completely misses you.
You tentacle-slap the steam dragon.
The steam dragon begins to glow.
Your squeeze misses the steam dragon.
The steam dragon is lightly wounded.
The steam dragon breathes steam at you. The ball of steam hits you!!
* * * LOW HITPOINT WARNING * * *
You hear a shout!
You tentacle-slap the steam dragon.
The steam dragon glows dangerously bright.
You squeeze the steam dragon, but do no damage.
The steam dragon is moderately wounded.
You are engulfed in a cloud of scalding steam.
The steam dragon bites you but does no damage.
The steam dragon claws you but does no damage.
The steam dragon breathes steam at you. The ball of steam hits you!
* * * LOW HITPOINT WARNING * * *
Unknown command.
The steam dragon closely misses you. The steam dragon claws you.
* * * LOW HITPOINT WARNING * * *
Unknown command.
You tentacle-slap the steam dragon but do no damage.
The steam dragon shudders as magic cascades through it!
The steam dragon twists and deforms.
The steam dragon is severely wounded.
The steam dragon misses you. The steam dragon completely misses you.
The acid dragon spits acid at you. The splash of acid hits you!!
You die...

Skill      XL: |  1  2  3  4  5  6  7  8  9 |
---------------+----------------------------+-----
Fighting       | 2 3 4 5 6 7 |  7.1
Shapeshifting  | 4 5 7 |  7.8
Unarmed Combat | 6 7 |  7.1
Stealth        | 2 |  2.8
Dodging        | |  2.9

Action                     |  1- 3 |  4- 6 |  7- 9 || total
---------------------------+-------+-------+-------++-------
  Melee: Unarmed           |    42 |    83 |    68 ||   193
         Constrict         |    15 |    30 |    48 ||    93
         Tentacles         |     9 |    22 |    52 ||    83
         Punch             |     5 |     5 |     3 ||    13
         Dagger            |       |    58 |   137 ||   195
  Throw: Dart              |       |     4 |       ||     4
    Use: Scroll            |       |       |    12 ||    12
   Stab: Sleeping          |     2 |     5 |     2 ||     9
         Distracted        |       |     1 |       ||     1
 Armour: Skin              |     9 |    60 |   128 ||   197
  Dodge: Dodged            |    23 |    84 |   145 ||   252
   Form: Flux              |       |       |     1 ||     1

Levels and vault maps discovered:
D:1:      orjb1_lava_funnel, layout_rooms, chequers_arboretum
D:2:      layout_rooms, serial_shops, shop, minmay_gold_behind_fungi,
          minmay_guardbox
D:3:      layout_loops_ring, marbit_many_paths, serial_shops, shop, shop, shop,
          nicolae_shop_advertising_works [nicolae_subvault_shop_adworks],
          minmay_diced_spiral
D:4:      layout_basic, mainiacjoe_overflow_boulevard
D:5:      layout_loops_cross, mainiacjoe_overflow_cross_hatched,
          lemuel_crystal_altar, okawaru_trees_2, nicolae_ru_the_path_less_chosen
D:6:      layout_basic, serial_glass, glass_columns_b, glass_columns_b,
          minmay_strange_pillars, kennysheep_generic_room_8, uniq_grinder
D:7:      layout_basic, minmay_temple_entry_enclosed_plants
D:8:      layout_basic, enter_bailey_7
Temple:   nicolae_temple_bog_church

Notes
Turn   | Place    | Note
-------+----------+-------------------------------------------
     0 | D:1      | Factor the Octopode Shapeshifter began the quest for the
                  | Orb.
     0 | D:1      | Reached XP level 1. HP: 13/13 MP: 1/1
    35 | D:1      | Reached skill level 2 in Fighting
    35 | D:1      | Reached XP level 2. HP: 19/19 MP: 2/2
   363 | D:2      | Reached XP level 3. HP: 21/25 MP: 3/3
   385 | D:2      | Reached skill level 3 in Fighting
   416 | D:2      | Reached XP level 4. HP: 31/31 MP: 4/4
   823 | D:2      | Found Caek's Antique Weapon Shop.
   961 | D:3      | Found Qiupsit's Weapon Shoppe.
  1043 | D:3      | Reached XP level 5. HP: 14/36 MP: 5/5
  1068 | D:3      | Found Gizxegha's Antique Armour Boutique.
  1437 | D:3      | Reached skill level 4 in Fighting
  1479 | D:3      | Found a hazy altar of Hepliaklqana.
  1646 | D:3      | Found Uheseck's Distillery.
  1662 | D:3      | Found Gueg's Book Boutique.
  1944 | D:4      | Reached skill level 4 in Shapeshifting
  1948 | D:4      | Reached XP level 6. HP: 42/44 MP: 6/6
  2055 | D:4      | Identified the +8 mace of Jupluota {flame, Will++}
  2057 | D:4      | Found a glowing silver altar of Zin.
  2090 | D:4      | You fall into a shaft and drop 2 floors!
  2107 | D:6      | Reached skill level 5 in Fighting
  2287 | D:6      | Noticed an ice beast
  2499 | D:6      | Noticed Grinder
  2516 | D:6      | Noticed a water moccasin
  2525 | D:6      | Killed a water moccasin
  2526 | D:6      | Reached skill level 5 in Shapeshifting
  2526 | D:6      | Reached XP level 7. HP: 41/50 MP: 7/7
  2619 | D:5      | Entered Level 5 of the Dungeon
  2708 | D:5      | Found an ancient bone altar of Kikubaaqudgha.
  2993 | D:5      | Reached skill level 6 in Fighting
  3393 | D:3      | Found Gueg's Book Boutique.
  3414 | D:3      | Found Uheseck's Distillery.
  3420 | D:3      | Found Gizxegha's Antique Armour Boutique.
  3554 | D:3      | Found a hazy altar of Hepliaklqana.
  3768 | D:3      | Found Qiupsit's Weapon Shoppe.
  4132 | D:5      | Reached XP level 8. HP: 58/58 MP: 8/8
  4134 | D:5      | Reached skill level 6 in Shapeshifting
  4401 | D:5      | Found an iron altar of Okawaru.
  4500 | D:5      | Reached skill level 7 in Fighting
  4633 | D:5      | Found a sacrificial altar of Ru.
  4743 | D:5      | Reached skill level 7 in Shapeshifting
  4743 | D:5      | Reached skill level 4 in Unarmed Combat
  4981 | D:5      | Found a basalt altar of Yredelemnul.
  5145 | D:6      | Reached skill level 5 in Unarmed Combat
  5370 | D:6      | Killed Grinder
  5371 | D:6      | Reached skill level 6 in Unarmed Combat
  5371 | D:6      | Reached XP level 9. HP: 50/64 MP: 9/9
  5666 | D:7      | Reached skill level 7 in Unarmed Combat
  5889 | D:7      | Found a staircase to the Ecumenical Temple.
  5987 | Temple   | Entered the Ecumenical Temple
  6008 | Temple   | Became a worshipper of Cheibriados the Contemplative
  6705 | D:8      | Reached skill level 1 in Stealth
  6716 | D:8      | Reached skill level 2 in Stealth
  6946 | D:8      | Killed from afar by an acid dragon

Vanquished Creatures
  Grinder (D:6)
  A steam dragon (D:6)
  2 water moccasins
  An ice beast (D:6)
  A sky beast (D:7)
  A centaur (D:6)
  An ogre (D:5)
  A bullfrog (D:7)
  A gnoll sergeant (D:5)
  3 scorpions
  7 wights
  5 killer bees (D:8)
  2 orc priests (D:5)
  2 bombardier beetles
  4 hounds
  2 sleepcaps
  2 iguanas (D:5)
  7 orc wizards
  8 gnolls
  8 adders
  A shadow imp (D:6)
  A white imp (D:6)
  5 ribbon worms
  A dart slug (D:1)
  16 orcs
  10 endoplasms
  6 giant cockroaches
  10 goblins
  10 hobgoblins
  6 jackals
  A quokka (D:1)
  5 ball pythons
  4 bats
  2 frilled lizards
  6 kobolds
  6 rats
150 creatures vanquished.

Table legend: (Time is in decaauts)
 A = Elapsed time spent in this place.
 B = Non-inter-level travel time spent in this place.
 C = Inter-level travel time spent in this place.
 D = Time resting spent in this place.
 E = Time spent auto-exploring this place.
 F = Levels seen in this place.
 G = Mean time per level.
                   A        B        C        D        E       F      G
               +--------+--------+--------+--------+--------+-----+--------+
         Total |   7093 |   6814 |    279 |   1194 |   4365 |   9 |  788.1 |
       Dungeon |   7045 |   6813 |    232 |   1194 |   4365 |   8 |  880.6 |
        Temple |     48 |      1 |     47 |      0 |      0 |   1 |   48.0 |
               +--------+--------+--------+--------+--------+-----+--------+

Top non-repeatable levels by time:
     D:3: 1510 daAuts
     D:7: 1130 daAuts
     D:6: 1121 daAuts
     D:5: 1114 daAuts
     D:4: 1027 daAuts
     D:2: 496 daAuts
     D:1: 345 daAuts
     D:8: 297 daAuts
  Temple: 48 daAuts

Table legend:
 A = Non-vault XP
 B = Vault XP
 C = Vault XP percentage of total XP
 D = Non-vault monster count
 E = Vault monster count
 F = Vault count percentage of total count
                 A         B        C        D         E       F
            +---------+---------+-------+---------+---------+-------
      Total |    3312 |     384 |  10.4 |     130 |      20 |  13.3
            +---------+---------+-------+---------+---------+-------
        D:1 |      27 |       0 |   0.0 |      15 |       0 |   0.0
        D:2 |      71 |      25 |  26.0 |      17 |      12 |  41.4
        D:3 |     143 |      12 |   7.7 |      27 |       6 |  18.2
        D:4 |     255 |       0 |   0.0 |      10 |       0 |   0.0
        D:5 |    1021 |       0 |   0.0 |      32 |       0 |   0.0
        D:6 |     729 |     347 |  32.2 |      12 |       2 |  14.3
        D:7 |     524 |       0 |   0.0 |       9 |       0 |   0.0
        D:8 |     542 |       0 |   0.0 |       8 |       0 |   0.0
            +---------+---------+-------+---------+---------+-------
